 Seeded DCSS version 0.30-a0-377-g5cb311bc9f (webtiles) character file.

Game seed: 12882034922843276435 (custom seed)

67 purpskrrrp the Shooter (level 3, -11/31 HPs)
             Began as a Minotaur Hunter on Nov 28, 2022.
             Mangled by a gnoll
             ... wielding a +0 halberd
              (13 damage)
             ... on level 2 of the Dungeon.
             The game lasted 00:01:57 (1493 turns).

purpskrrrp the Shooter (Minotaur Hunter)            Turns: 1493, Time: 00:01:58

Health: -11/31     AC:  3    Str: 15    XL:     3   Next: 98%
Magic:  2/2        EV: 12    Int:  6    God:
Gold:   85         SH:  0    Dex: 15    Spells: 2/2 levels left

rFire   . . .      SeeInvis .    a - +0 shortbow
rCold   . . .      Faith    .    (shield currently unavailable)
rNeg    . . .      Spirit   .    c - +0 leather armour
rPois   .          Reflect  .    (helmet restricted)
rElec   .          Harm     .    i - scarf {shadows}
rCorr   .          Rampage  .    (no gloves)
Will    .....                    (no boots)
Stlth   ++........               (no amulet)
HPRegen 0.25/turn                h - ring of flight
MPRegen 0.08/turn                (no ring)

@: flying, studying Long Blades
A: horns 2, retaliatory headbutt
a: no special abilities


You were on level 2 of the Dungeon.
You visited 1 branch of the dungeon, and saw 2 of its levels.

You collected 85 gold pieces.

Inventory:

Hand Weapons
 a - a +0 shortbow (weapon)
Armour
 c - a +0 leather armour (worn)
 i - a scarf of shadows (worn)
Jewellery
 h - a ring of flight (left hand)
 l - a ring of poison resistance
Scrolls
 b - a scroll of immolation
 d - a scroll of noise {unknown}
 e - a scroll of enchant armour {unknown}
 f - 2 scrolls of blinking {unknown}
 g - 2 scrolls of butterflies {unknown}
 k - a scroll of teleportation {unknown}
 m - a scroll of magic mapping {unknown}
Potions
 j - a potion of heal wounds {unknown}


   Skills:
 + Level 3.1 Fighting
 * Level 3.7 Long Blades
 - Level 4.4 Ranged Weapons
 + Level 2.8 Dodging
 + Level 1.6 Stealth


You had 2 spell levels left.
You didn't know any spells.
Your spell library was empty.

Dungeon Overview and Level Annotations

Branches:
Dungeon (2/15)

Altars:


Innate Abilities, Weirdness & Mutations

You have a pair of horns on your head.
You reflexively headbutt those who attack you in melee.


Message History

You hear a shout!
A gnoll comes into view. It is wielding a +0 whip.
The giant cockroach barely misses you.
You shoot an arrow. The arrow hits the gnoll.
The gnoll is severely wounded.
The giant cockroach barely misses you. The gnoll hits you with a +0 club. x2
The giant cockroach closely misses you.
The gnoll hits you from afar with a +0 halberd.
The gnoll completely misses you. You furiously retaliate!
You headbutt the gnoll!
You kill the gnoll!
You shoot an arrow. The arrow closely misses the gnoll.
The arrow barely misses the gnoll.
The giant cockroach barely misses you. The gnoll closely misses you.
The giant cockroach bites you but does no damage.
You shoot an arrow. The arrow barely misses the gnoll.
The gnoll hits you with a +0 club. The gnoll barely misses you.
The giant cockroach closely misses you. You furiously retaliate!
You headbutt the giant cockroach.
You kill the giant cockroach!
You shoot an arrow.
The arrow hits the gnoll but does no damage.
The gnoll is severely wounded.
The gnoll misses you. The gnoll barely misses you.
The gnoll closely misses you. The gnoll misses you.
The gnoll closely misses you.
You shoot an arrow. The arrow hits the gnoll!
You kill the gnoll!
The gnoll closely misses you.
You shoot an arrow. The arrow hits the gnoll.
The gnoll is lightly wounded.
The gnoll barely misses you. The gnoll hits you with a +0 whip.
You shoot an arrow. The arrow hits the gnoll.
The gnoll is severely wounded.
The gnoll hits you from afar with a +0 halberd!
* * * LOW HITPOINT WARNING * * *
The gnoll hits you with a +0 whip.
* * * LOW HITPOINT WARNING * * *
The gnoll hits you from afar with a +0 halberd!
You die...

#..### #.#
##... #.# #
.... #.# #
... #.# ###
.. #.# ..#
#.# ..# #.#
..#
#####.###..#
..#
#...g@.....#
..##
#.##.#####.#
...# #g.
...# ....
...# ....#
...# ...>.
...# ....#
####


You could see 2 gnolls.

Vanquished Creatures
  2 gnolls (D:2)
  An adder (D:2)
  6 bats (D:1)
  4 endoplasms
  A giant cockroach (D:2)
  4 hobgoblins
  3 jackals (D:2)
  2 quokkas
  3 frilled lizards (D:1)
  3 goblins (D:1)
  3 kobolds
  5 rats
37 creatures vanquished.

Notes
Turn   | Place    | Note
-------+----------+-------------------------------------------
     0 | D:1      | purpskrrrp the Minotaur Hunter began the quest for the Orb.
     0 | D:1      | Reached XP level 1. HP: 18/18 MP: 0/0
    67 | D:1      | Identified a scroll of acquirement
    67 | D:1      | Acquired a manual of Long Blades
    97 | D:1      | Reached skill level 1 in Stealth
   184 | D:1      | Reached skill level 1 in Long Blades
   235 | D:1      | Reached XP level 2. HP: 25/25 MP: 1/1
  1120 | D:2      | Reached XP level 3. HP: 30/30 MP: 2/2
  1493 | D:2      | Mangled by a gnoll

Illustrated notes

Levels and vault maps discovered:
D:1:      eino_arrival_water_cross, layout_basic
D:2:      layout_basic, solitary_fountain

Skill      XL: |  1  2  3 |
---------------+----------+-----
Stealth        | 1 |  1.6
Long Blades    | 1 2 3 |  3.7
Fighting       | 3 |  3.1
Ranged Weapons | |  4.4
Dodging        | |  2.8

Action                   || total
-------------------------++-------
 Fire: Shortbow          ||    91
  Use: Scroll            ||     1
Armor: Leather armour    ||     6
Dodge: Dodged            ||    30

Table legend: (Time is in decaauts)
 A = Elapsed time spent in this place.
 B = Non-inter-level travel time spent in this place.
 C = Inter-level travel time spent in this place.
 D = Time resting spent in this place.
 E = Time spent auto-exploring this place.
 F = Levels seen in this place.
 G = Mean time per level.
                   A        B        C        D        E       F      G
               +--------+--------+--------+--------+--------+-----+--------+
         Total |   1521 |   1479 |     42 |      0 |   1276 |   2 |  760.5 |
       Dungeon |   1521 |   1479 |     42 |      0 |   1276 |   2 |  760.5 |
               +--------+--------+--------+--------+--------+-----+--------+

Top non-repeatable levels by time:
     D:1: 1022 daAuts
     D:2: 498 daAuts
